 Dungeon Crawl Stone Soup version 0.29.1-15-g9cfb28693d (webtiles) character file.

Game seed: 13351727541207220436

174 Dillmonsterx101 the Chopper (level 5, -4/47 HPs)
             Began as a Minotaur Fighter on Mar 23, 2023.
             Slain by Sigmund
             ... wielding a +5 scythe of freezing
              (12 damage)
             ... on level 2 of the Dungeon.
             The game lasted 00:08:30 (2202 turns).

Dillmonsterx101 the Chopper (Minotaur Fighter)      Turns: 2202, Time: 00:08:30

Health: -4/47      AC:  7    Str: 23    XL:     5   Next: 28%
Magic:  4/4        EV:  9    Int:  5    God:
Gold:   63         SH:  4    Dex:  9    Spells: 4/4 levels left

rFire   . . .      SeeInvis .   t - +0 club (spect)
rCold   . . .      Faith    .   c - +0 buckler
rNeg    . . .      Spirit   .   b - +0 scale mail
rPois   .          Reflect  .   (helmet restricted)
rElec   .          Harm     .   (no cloak)
rCorr   .          Rampage  .   (no gloves)
Will    .....                   (no boots)
Stlth   ..........              (no amulet)
HPRegen 0.15/turn               (no ring)
MPRegen 0.09/turn               (no ring)

@: no status effects
A: horns 2, retaliatory headbutt
a: no special abilities


You were on level 2 of the Dungeon.
You visited 1 branch of the dungeon, and saw 2 of its levels.

You collected 63 gold pieces.

Inventory:

Hand Weapons
 a - a +0 war axe
 g - a +0 dagger
 t - a +0 spectral club (weapon)
Armour
 b - a +0 scale mail (worn)
 c - a +0 buckler (worn)
 f - a +0 ring mail
Magical Staves
 n - a staff of conjuration
Jewellery
 i - a ring of resist corrosion
 r - a ring of fire
Scrolls
 j - 3 scrolls of enchant weapon {unknown}
 m - 2 scrolls of blinking {unknown}
 o - a scroll of butterflies {unknown}
 p - 2 scrolls of teleportation {unknown}
 q - a scroll of silence {unknown}
 s - a scroll of immolation {unknown}
Potions
 d - a potion of might
 e - 2 potions of haste {unknown}
 h - 2 potions of brilliance {unknown}
 k - a potion of lignification {unknown}
 l - a potion of flight {unknown}


   Skills:
 * Level 4.5 Fighting
 - Level 4.8 Axes
 + Level 4.6 Armour
 + Level 1.0 Dodging
 + Level 3.9 Shields


You had 4 spell levels left.
You didn't know any spells.
Your spell library was empty.

Dungeon Overview and Level Annotations

Branches:
Dungeon (2/15)

Altars:

Annotations:
D:2 Sigmund


Innate Abilities, Weirdness & Mutations

You have a pair of horns on your head.
You reflexively headbutt those who attack you in melee.


Message History

Things that are here:
a +0 club; a goblin corpse
Items here: )) ††.
You start resting.
HP restored.
You feel a bond with your +0 spectral club.
t - a +0 spectral club (weapon)
Found a stone staircase leading up.
Found a stone staircase leading down.
There is a stone staircase leading down here.
You open the door.
Sigmund the Dreaded comes into view.
He is wielding a +5 scythe of freezing.
Sigmund drinks a potion.
Sigmund flickers and vanishes!
Deactivating autopickup; reactivate with Ctrl-A.
No target in view!
No target in view!
Autopickup is now on.
No target in view!
Unknown command.
Unknown command.
There is a strange disturbance nearby!
Something hits you! Something freezes you.
Deactivating autopickup; reactivate with Ctrl-A.
You miss something. Something hits you! Something freezes you.
You closely miss something. Something hits you. Something freezes you.
You barely miss something.
You hear some strange, mumbled words.
A puff of flame appears from out of thin air!
The puff of flame hits you.
You hit something but do no damage. Something hits you but does no damage.
You hit something. Your headbutt misses something. You barely miss something.
You headbutt something. Something hits you!
* * * LOW HITPOINT WARNING * * *
Something freezes you.
* * * LOW HITPOINT WARNING * * *
You barely miss something. Your headbutt misses something.
Something hits you but does no damage.
You hit something but do no damage. Something hits you but does no damage.
You miss something. Something hits you!
You die...

#.# #.# #.# #.#
#.# #.# #.# #.#
#.# #.# #.# #.#
... #.# #.# #@#
####.## #{#
#.....# .#. #.#
#.....# .. #.#
#.....# #. #.#
#.....# #.
#.##.###.....##.#.
#...............#.
####.###.....####.
## #.#....#.......


There were no monsters in sight!

Vanquished Creatures
  Natasha (twice) (D:2)
  Robin (D:2)
  3 adders (D:2)
  3 gnolls (D:2)
  A worm (D:2)
  A dart slug (D:2)
  6 bats
  An endoplasm (D:2)
  6 giant cockroaches
  6 hobgoblins
  3 quokkas (D:2)
  5 ball pythons
  3 frilled lizards
  9 goblins
  5 rats
55 creatures vanquished.

Notes
Turn   | Place    | Note
-------+----------+-------------------------------------------
     0 | D:1      | Dillmonsterx101 the Minotaur Fighter began the quest for
                  | the Orb.
     0 | D:1      | Reached XP level 1. HP: 19/19 MP: 0/0
    63 | D:1      | Found a faded altar of an unknown god.
   251 | D:1      | Reached XP level 2. HP: 27/27 MP: 1/1
   831 | D:2      | Reached XP level 3. HP: 20/34 MP: 2/2
  1182 | D:2      | Reached XP level 4. HP: 37/41 MP: 3/3
  1541 | D:2      | Noticed Natasha
  1548 | D:2      | Killed Natasha
  1719 | D:2      | Noticed Natasha
  1724 | D:2      | Killed Natasha
  1725 | D:2      | Reached XP level 5. HP: 40/47 MP: 4/4
  1858 | D:2      | Noticed Robin
  1863 | D:2      | Reached skill level 1 in Dodging
  1877 | D:2      | Killed Robin
  2189 | D:2      | Noticed Sigmund
  2202 | D:2      | Slain by Sigmund

Illustrated notes

Levels and vault maps discovered:
D:1:      psy_arrival_statuary, layout_loops_ring,
          nicolae_ecumenical_snake_handling, chequers_serial_rivers_room_a
D:2:      layout_basic, uniq_robin, uniq_natasha, uniq_sigmund

Skill      XL: |  1  2  3  4  5 |
---------------+----------------+-----
Fighting       | 4 |  4.5
Axes           | 3 4 |  4.8
Armour         | 4 |  4.6
Dodging        | 1 |  1.0
Shields        | |  3.9

Action                   |  1- 3 |  4- 6 || total
-------------------------+-------+-------++-------
Melee: War axe           |    60 |    45 ||   105
       Headbutt          |     8 |     8 ||    16
       Club              |       |     9 ||     9
Armor: Scale mail        |    31 |    29 ||    60
Dodge: Dodged            |    39 |    28 ||    67
Block: Buckler           |    14 |     5 ||    19
